[Event "13th Chennai Open 2022"]
[Site "Chennai"]
[Date "2022.06.22"]
[Round "5.15"]
[White "Mithun Anand V"]
[Black "Girinath, P.D.S."]
[Result "1-0"]
[ECO "C01"]
[WhiteElo "1672"]
[BlackElo "2361"]
[Annotator "TA"]
[PlyCount "79"]
[EventDate "2022.06.19"]
[EventType "swiss"]
[EventCountry "IND"]
[SourceTitle "playchess.com"]
[Source "ChessBase"]
[SourceQuality "1"]
[TimeControl "5400+30"]

1. e4 e6 2. d4 d5 3. exd5 exd5 4. Nf3 Nf6 5. Bd3 c5 6. O-O c4 7. Re1+ Be7 8. Bf1 O-O {[%emt 0:00:26] C01: French: Exchange Variation.} 9. b3 cxb3 10. axb3 Bg4 {[%emt 0:05:00] The position is equal.} 11. h3 {[%emt 0:01:11] [#]} Bxf3 $146 ({Predecessor:} 11... Bh5 12. Rxe7 Qxe7 13. Ba3 Qe4 14. Bxf8 Bxf3 15. Qxf3 Qxf3 16. gxf3 Kxf8 17. Bb5 Nbd7 18. c4 {½-½ (18) Bernadskiy,V (2588)-Razin,V (2379) Lutsk 2018}) 12. Qxf3 Nc6 13. Rd1 Re8 14. Na3 Ne4 15. Bb2 Bg5 16. Bd3 Nb4 17. Nc4 Bh4 (17... a5 $11) 18. Bxe4 $14 Rxe4 19. c3 Nc6 20. Nd2 Re6 21. g3 Bg5 22. Nf1 Na5 23. h4 Bh6 24. Ra3 Rc8 25. Nh2 (25. Qh5 $5 ) 25... g6 $1 26. c4 $36 {[%emt 0:01:58][%mdl 2048] White fights for an advantage.} Bf8 $1 27. Ra4 b5 28. cxb5 (28. cxd5 $2 Rf6 29. Qe4 bxa4 $19) 28... Rc2 ({Better is} 28... Rb8 $14) 29. Bc1 $18 {[%emt 0:00:30] Ng4 is the strong threat.} ({Don't take} 29. Bc3 Nxb3 30. Ng4 (30. Rxa7 Rf6 $11) 30... Qb6 $16) 29... Ree2 $2 (29... Nb7 30. Ng4 (30. Rxa7 Qb8 $16) 30... Nd6 31. Qxd5 h5) 30. Be3 f5 31. Rxa5 Qxa5 32. Qxd5+ Kg7 {[%emt 0:00:51] [#]} 33. Qe5+ Kf7 $2 (33... Kg8 34. Qe6+ Kg7) 34. Nf3 {[%emt 0:00:24] White threatens Ng5+ and mate.} ({Not} 34. Qd5+ Kg7 $16) 34... Be7 (34... Rxe3 $142 35. Qxe3 Qxb5 36. Ng5+ Kg7) 35. Qd5+ Ke8 36. Ne5 Re1+ 37. Rxe1 (37. Kg2 $142 Rxf2+ 38. Kxf2 Re2+ 39. Kxe2 Qa2+ 40. Rd2 Qxd2+ 41. Bxd2 f4 42. Qg8+ Bf8 43. Qf7+ Kd8 44. Qd7#) 37... Qxe1+ 38. Kg2 {[%emt 0:00:04] [#] Threatening mate with Qg8+.} ({Weaker is} 38. Kh2 Rxf2+ 39. Bxf2 Qxf2+ 40. Qg2 Qxd4 41. Qc6+ Kf8 $11) 38... Rc7 39. Qf7+ Kd8 40. Qg8+ {[%emt 0:00:10] Weighted Error Value: White=0.12 (very precise) /Black=0.70} 1-0

[Event "13th Chennai Open 2022"]
[Site "Chennai"]
[Date "2022.06.22"]
[Round "5.16"]
[White "Karthikeyan, P.."]
[Black "Ayyappan P Santhana Prabu"]
[Result "1-0"]
[ECO "B31"]
[WhiteElo "2361"]
[BlackElo "1761"]
[Annotator "TA"]
[PlyCount "87"]
[EventDate "2022.06.19"]
[EventType "swiss"]
[EventCountry "IND"]
[SourceTitle "playchess.com"]
[Source "ChessBase"]
[SourceQuality "1"]
[TimeControl "5400+30"]

1. e4 c5 2. Nf3 Nc6 3. Bb5 g6 4. O-O Bg7 5. c3 Nf6 6. Re1 O-O 7. h3 h6 {[%emt 0:12:07] B31: Sicilian: 2...Nc6 3 Bb5 g6.} 8. d4 cxd4 9. cxd4 d5 {[%emt 0:04:29] White has an edge.} 10. e5 Ne4 11. Bxc6 bxc6 {[%emt 0:00:10] [#]} 12. Be3 $146 ({Predecessor:} 12. Nbd2 c5 13. dxc5 Nxc5 14. Nd4 Nd3 15. Re3 Nxe5 16. Qe2 Qc7 17. Nb5 Qb8 18. Rb3 {0-1 (36) Toumaniantz,R (2188)-Guillon,C (2204) France 2006}) 12... Kh7 13. Qc1 Bd7 14. Nc3 Nxc3 15. Qxc3 f6 16. e6 Be8 17. Bf4 {[%emt 0:00:21] White is much more active. The black rooks are badly placed.} g5 18. Bh2 Qb6 19. Nd2 f5 20. Be5 Bxe5 21. Rxe5 g4 (21... Rb8 $14) 22. Nb3 $16 gxh3 (22... Rb8 $16) 23. Qxh3 $18 f4 ({Black should try} 23... Qb4 $18 24. Qh4 (24. Rxf5 Rxf5 25. Qxf5+ Bg6 $16) 24... Rg8) 24. Rc1 a5 (24... Bg6 $16) 25. Rf5 ({Better is} 25. Qh4 $18 Rf6 26. Nc5) 25... Bg6 26. Rxf8 Rxf8 27. Qc3 $1 a4 28. Nc5 {[%emt 0:01:53][%cal Bb3c5,Bc5d7,Bd7f8][%mdl 32] Threatens to win with Nd7.} Qb5 (28... Rg8 $16) 29. Nd7 $1 Rg8 {[%emt 0:00:12] aiming for ...Be4.} 30. Qa3 $1 (30. Qxc6 Qxb2 31. Nf6+ (31. Qc5 $2 Be4 $19) 31... exf6 $15) 30... Re8 {[%emt 0:01:04] [#]} 31. Qf3 $1 (31. Ne5 $6 Qe2 $16) 31... Be4 $2 (31... Qxb2 $2 32. Qxf4 Rg8 33. Rxc6 Qb1+ 34. Kh2 (34. Rc1 Qf5 $16)) (31... Rc8 32. Qxf4 (32. Ne5 Be4 $16) 32... Qxb2) 32. Qxf4 {[%emt 0:00:00] Qf7+ would kill now.} Rg8 33. Nf8+ Kg7 {[%emt 0:00:01] [#]} 34. Rc3 $1 {[%emt 0:00:00] White threatens Rg3+ and mate.} Bd3 (34... Rxf8 35. Rg3+) 35. Qf7+ (35. Nd7 Qxb2 36. Rxc6 (36. Rxd3 Qb1+ 37. Kh2 Qxd3 $11) 36... Qe2 $18) 35... Kh8 36. Qxe7 Qxb2 37. Qf6+ Rg7 38. e7 {[%emt 0:01:32] White mates.} Qb1+ 39. Kh2 Qb8+ 40. f4 Qb2 {[%emt 0:00:24] [#]} 41. Qxg7+ $3 Kxg7 {[%emt 0:00:01] [#]} 42. e8=Q $1 Qxc3 (42... Qe2 43. Ne6+) 43. Qe7+ Kh8 44. Ne6 {[%emt 0:00:06] Weighted Error Value: White=0.08 (flawless) /Black=0.34} 1-0

[Event "13th Chennai Open 2022"]
[Site "Chennai"]
[Date "2022.06.22"]
[Round "5.17"]
[White "Konguvel, Ponnuswamy"]
[Black "Sivathanujan, S."]
[Result "1-0"]
[ECO "B42"]
[WhiteElo "2331"]
[BlackElo "1716"]
[Annotator "TA"]
[PlyCount "165"]
[EventDate "2022.06.19"]
[EventType "swiss"]
[EventCountry "IND"]
[SourceTitle "playchess.com"]
[Source "ChessBase"]
[SourceQuality "1"]
[TimeControl "5400+30"]

1. e4 c5 2. Nf3 e6 3. d4 cxd4 4. Nxd4 a6 5. Bd3 Qc7 6. O-O Nf6 7. Qe2 d6 8. c4 Nbd7 {[%emt 0:01:11] is currently scoring better than 8...g6.} 9. f4 Nc5 {[%emt 0:06:23] B42: Sicilian: Kan Variation: 5 Bd3.} 10. Nc3 (10. Bc2 {feels hotter.} e5 11. Nf5 Bxf5 12. exf5 Ncd7 13. Nc3) 10... Nxd3 11. Qxd3 Bd7 {[%emt 0:02:29] [#] White is slightly better.} 12. Bd2 $146 ({Predecessor:} 12. Kh1 Be7 13. Be3 Rc8 14. Rac1 Qxc4 15. Qb1 Qb4 16. Nf3 Ng4 17. Bd4 O-O 18. h3 {0-1 (30) Johne,S (1862)-Schewe,H (1717) Bad Sooden-Allendorf 2003}) 12... Rc8 13. b3 g6 14. Rac1 {[%emt 0:22:46] White is more active.} (14. e5 $16 dxe5 15. fxe5) 14... Bg7 $11 15. Kh1 O-O 16. Be3 Qa5 17. Nde2 Rfd8 18. a4 {[%emt 0:06:06] Prevents b5.} ({But not} 18. Qxd6 Bc6 19. Qc5 Qxc5 20. Bxc5 Nxe4 21. Nxe4 Bxe4 $17) 18... Qb4 19. Nd4 ({Don't play} 19. e5 dxe5 20. fxe5 Bc6 $1 $17) 19... Qa5 20. Bg1 Nh5 (20... Be8 {is interesting.} 21. f5 d5 22. fxe6 dxc4 23. Qf3 cxb3 24. Nxb3 Qh5) 21. Nde2 Bc6 22. Qe3 ({White should try} 22. f5 $11) 22... Nf6 23. Rfd1 h5 24. h3 Bf8 (24... Qb4 $5 ) 25. Nd4 Be8 ({Black should play} 25... Bh6 $14) 26. f5 $16 exf5 (26... e5 $142) 27. exf5 $18 Qe5 28. fxg6 fxg6 29. Ne6 (29. Qf3 $142) 29... Qxe3 30. Bxe3 Rd7 {[%emt 0:00:20] [#]} 31. Rf1 $1 Be7 32. Bd4 Nh7 33. Nd5 Bf7 {[%emt 0:00:31] [#]} 34. Nb6 $1 Bxe6 35. Nxc8 {[%emt 0:00:03] Threatens to win with Rce1.} Bh4 {[%emt 0:00:34] Prevents Rce1.} 36. Nb6 Rd8 37. Nd5 Bf5 38. Kh2 {[%emt 0:00:43] Strongly threatening g3.} Bd3 39. Rf3 Be4 40. Rff1 Bd3 $1 {[%emt 0:00:19] A strong pair of Bishops.} 41. Rfd1 Be4 42. Rc3 b5 43. axb5 axb5 44. Ra1 Rd7 45. Re3 Bxd5 46. cxd5 Bf6 47. Bxf6 Nxf6 {[%emt 0:00:01][%mdl 4096] Endgame KRR-KRN} 48. Re6 Nxd5 49. Rxg6+ Kh7 50. Rg5 Nc3 51. Rxh5+ Kg6 52. Rh4 d5 53. Rd4 Kf5 54. Re1 Rb7 55. Re3 b4 56. g4+ Kf6 57. Kg3 Ne4+ 58. Rexe4 dxe4 59. Rxe4 {[%emt 0:00:03] Hoping for h4. KR-KR} Kg6 60. h4 {[%emt 0:00:24][%cal Bh3h4,Bh4h5][%mdl 32] White wants to mate with h5+.} Rb5 61. Kf4 {[%emt 0:00:11] White mates.} Rb8 62. h5+ Kh6 63. Re6+ Kg7 64. g5 Rf8+ 65. Ke4 Rf1 66. Re7+ Kg8 67. Rb7 Rh1 68. Kf5 Rc1 69. Rxb4 Rc5+ 70. Kg4 Rc7 71. Rb6 Kg7 72. h6+ Kh7 73. Kh5 Rc8 74. Rb7+ Kh8 75. b4 Kg8 76. b5 Rd8 77. Rc7 Rb8 78. Kg6 Kh8 79. Rc6 Rg8+ 80. Kh5 Rb8 81. b6 Kg8 82. Kg6 Kh8 83. b7 {[%emt 0:00:08] Weighted Error Value: White=0.25 (precise) /Black=0.32} 1-0

[Event "13th Chennai Open 2022"]
[Site "Chennai"]
[Date "2022.06.22"]
[Round "5.18"]
[White "Kunal, M.."]
[Black "Madhavan R Munjanattu"]
[Result "1/2-1/2"]
[ECO "C42"]
[WhiteElo "2277"]
[BlackElo "1779"]
[Annotator "TA"]
[PlyCount "64"]
[EventDate "2022.06.19"]
[EventType "swiss"]
[EventCountry "IND"]
[SourceTitle "playchess.com"]
[Source "ChessBase"]
[SourceQuality "1"]
[TimeControl "5400+30"]

1. e4 e5 2. Nf3 Nf6 3. Nxe5 d6 4. Nf3 Nxe4 5. d4 d5 6. Bd3 Bd6 7. O-O O-O 8. c4 c6 9. Nc3 Bf5 10. Re1 Nxc3 11. bxc3 Bxd3 {[%emt 0:00:03] C42: Petroff Defence: 3 Nxe5 and unusual White 3rd moves.} 12. Qxd3 {[%emt 0:00:08] Threatening Ng5.} dxc4 13. Qxc4 h6 {[%emt 0:00:01] [#]} 14. a4 $146 ({Predecessor:} 14. h3 Nd7 15. a4 Nb6 16. Qb3 Qc7 17. c4 c5 18. d5 Nd7 19. Bb2 b6 20. Re3 {0-1 (44) Rodchenkov,S (2346)-Riehle,M (2347) Chess.com INT 2021}) 14... Nd7 15. a5 Qc7 16. Ba3 Bxa3 17. Rxa3 Qd6 18. Ra2 Rfe8 19. Rae2 Rxe2 20. Rxe2 b5 21. Qb3 Rb8 22. g3 c5 23. Ne5 Nxe5 24. Rxe5 cxd4 25. cxd4 $15 {[%emt 0:00:04][%mdl 4096] Endgame KQR-KQR} b4 26. Rc5 Rb7 ({Black should play} 26... g5 $15) 27. Rc8+ $11 {[%emt 0:03:23] The position is equal.} Kh7 28. d5 Rd7 29. Rc1 g6 30. h4 Qxd5 31. Qxb4 Rb7 32. Qc5 Rb5 {[%emt 0:00:59] Weighted Error Value: White=0.08 (flawless) /Black=0.06 (flawless)} 1/2-1/2

[Event "13th Chennai Open 2022"]
[Site "Chennai"]
[Date "2022.06.22"]
[Round "6.1"]
[White "Baghdasaryan, Vahe"]
[Black "Nitin, S.."]
[Result "0-1"]
[ECO "B99"]
[WhiteElo "2267"]
[BlackElo "2399"]
[Annotator "TA"]
[PlyCount "100"]
[EventDate "2022.06.19"]
[EventType "swiss"]
[EventCountry "IND"]
[SourceTitle "playchess.com"]
[Source "ChessBase"]
[SourceQuality "1"]
[TimeControl "5400+30"]

1. e4 c5 2. Nf3 d6 3. d4 cxd4 4. Nxd4 Nf6 5. Nc3 a6 6. Bg5 e6 7. f4 Be7 8. Qf3 Qc7 9. O-O-O Nbd7 10. g4 h6 11. Bxf6 Bxf6 12. h4 Nb6 $1 {[%emt 0:01:04][%mdl 4] is more profitable than 12...Qb6 at the moment. B99: Sicilian Najdorf: 6 Bg5 e6 7 f4 Be7 8 Qf3 Qc7 9 0-0-0 Nbd7.} 13. g5 Bxd4 14. Rxd4 Qc5 {[%emt 0:00:08] White is slightly better.} 15. Qd3 {[%emt 0:10:45] Hoping for g6.} hxg5 {[%emt 0:09:18] [#]} 16. Rg1 $146 (16. Rxd6 Nd5 $1 17. Rxd5 exd5 18. fxg5 dxe4 19. Qxe4+ Be6 $15) (16. fxg5 $11 Rxh4 17. Rxh4 Qxg5+ 18. Kb1 Qxh4 19. Rxd6 Qe1+ 20. Nd1) ({Predecessor:} 16. b4 Qc7 17. fxg5 Ke7 18. Be2 e5 19. Nd5+ Nxd5 20. Rc4 Qb6 21. exd5 Bd7 22. Qf3 {0-1 (54) Sankalp,G (2468)-Alsina Leal,D (2497) Barbera del Valles 2021}) 16... gxf4 $17 (16... Rxh4 17. Rxg5 Qc7 18. Rxg7 $18 (18. Rxd6 g6 $16)) 17. Rg5 e5 18. Rxd6 {[%emt 0:00:16] [#] aiming for Rd8+.} Be6 $1 ({And not} 18... O-O 19. Kb1 $17) 19. Be2 $2 (19. Qd1) 19... Ke7 20. Rxb6 Qxb6 {[%emt 0:00:27] Chess con chili.} 21. Nd5+ Bxd5 22. Qxd5 Kf8 ({Weaker is} 22... Rxh4 23. Qxe5+ Kd7 24. Bg4+ Rxg4 25. Qd5+ Ke7 26. Qe5+ (26. Rxg4 $2 {perishes.} Qe3+ 27. Qd2 Rh8 $19) 26... Qe6 27. Qxe6+ fxe6 28. Rxg4 $17) 23. Qxe5 $2 (23. Bc4 {was called for.} Qe3+ 24. Kd1 Qd4+ 25. Qxd4 exd4 26. Rf5) 23... Qe3+ $19 24. Kd1 Rd8+ 25. Bd3 f6 26. Qc7 (26. Qc5+ $142 Qxc5 27. Rxc5) 26... Rxd3+ 27. cxd3 Qxd3+ {[%emt 0:00:10][%mdl 4096] Endgame KQR-KQR} 28. Kc1 Qe3+ 29. Kd1 Qd4+ 30. Kc1 fxg5 31. Qc8+ Kf7 32. Qxh8 {[%emt 0:00:03] KQ-KQ} Qc4+ 33. Kd2 Qxe4 34. hxg5 Qd5+ (34... Kg6 $142 35. Qh2 Qd4+ 36. Kc2 f3) 35. Ke1 Qxg5 {[%emt 0:00:24] And now ...f3 would win.} 36. Qb8 Qg1+ 37. Ke2 Qe3+ 38. Kf1 Qf3+ 39. Kg1 Qe4 40. Kf2 Kg6 41. Qd6+ Kh7 42. Qc7 Qe3+ 43. Kf1 Qf3+ 44. Ke1 Qg3+ 45. Kf1 Qh3+ 46. Ke1 Qh1+ 47. Kf2 Qe4 {[%emt 0:01:14] Strongly threatening ...Qe3+.} 48. Qf7 b5 49. b4 (49. Qh5+ $142 Kg8 50. Qc5) 49... Qg6 (49... Qc2+ $142 50. Kf3 Qd3+ 51. Kf2 Qe3+ 52. Kg2 Qe2+ 53. Kh3 Qf3+ 54. Kh2 Qg3+ 55. Kh1 Qg4) 50. Qe7 Qg3+ {[%emt 0:00:12] Black took control after the opening.  Weighted Error Value: White=1.40/Black=0.55} 0-1

[Event "13th Chennai Open 2022"]
[Site "Chennai"]
[Date "2022.06.22"]
[Round "6.2"]
[White "Savchenko, Boris"]
[Black "Stupak, Kirill"]
[Result "1-0"]
[ECO "C02"]
[WhiteElo "2524"]
[BlackElo "2440"]
[Annotator "TA"]
[PlyCount "111"]
[EventDate "2022.06.19"]
[EventType "swiss"]
[EventCountry "IND"]
[SourceTitle "playchess.com"]
[Source "ChessBase"]
[SourceQuality "1"]
[TimeControl "5400+30"]

1. e4 e6 2. d4 d5 3. e5 c5 4. c3 Qb6 5. Nf3 Nc6 6. a3 c4 7. Nbd2 Na5 8. Rb1 Bd7 9. Be2 Ne7 {[%emt 0:00:00] 9...Qc7 gains popularity. C02: French: Advance Variation.} 10. h4 Qc7 11. h5 h6 {[%emt 0:00:00] The position is equal.} 12. Nf1 Nc8 13. Bf4 Nb6 14. Bg3 Be7 {[%emt 0:00:00] [#]} 15. Qc1 $146 ({Predecessor:} 15. Nh4 Nb3 16. Nd2 Ba4 17. Nxb3 Bxb3 18. Qd2 Na4 19. f4 O-O-O 20. O-O Kb8 21. Bg4 {½-½ (65) Dauletova,G (2285)-Tomilova,E (2338) Chess.com INT 2021}) 15... Ba4 16. Bd1 Qc6 17. Bh4 Bxd1 18. Qxd1 Qa4 19. Qe2 Nc6 20. Ne3 O-O-O 21. O-O Kb8 22. Bxe7 Nxe7 23. Nd2 Rc8 24. Rfc1 Qd7 (24... Qe8 $11 {feels stronger.}) 25. b3 $1 $16 cxb3 26. Nxb3 Na4 {[%emt 0:00:00] Prevents Nc5.} 27. c4 dxc4 28. Nxc4 Qd5 {[%emt 0:00:00] [#]} 29. Qd3 (29. Nd6 $2 Rxc1+ 30. Nxc1 Nc3 $19) (29. Qd2 $1 $16) 29... Nf5 $14 30. g4 ({White should play} 30. Nd6 $11 Nxd6 31. exd6) 30... Nh4 $17 31. Ne3 {[%emt 0:00:05] Against Qg2+} (31. Kf1 $17) 31... Nf3+ $19 32. Kf1 Nxe5 $1 33. Nxd5 Nxd3 34. Rxc8+ Rxc8 35. Ne3 Rc3 36. d5 exd5 37. Nd4 (37. Nxd5 $17 Rc2 38. Nd4 Rxf2+ 39. Kg1) 37... g6 $2 ({Better is} 37... Rxa3 $19 38. Nxd5 Nac5 39. Nc6+ Kc8 40. Nce7+ Kd7) 38. g5 $1 $15 hxg5 39. h6 Nb6 {[%emt 0:00:47] ...Rc8 is the strong threat.} (39... Rxa3 $2 40. h7 Rc3 41. h8=Q+ $18) 40. Ng4 (40. Nf3 $1 $15) 40... Rc8 (40... Rxa3 $2 41. Nb5 Nc4 42. h7 $18) (40... Nf4 $1 $19 {Threatens to win with ...Rh3.} 41. f3 Rc8) 41. Nf3 $1 Nd7 {[%emt 0:04:52] White must now prevent ...f6.} (41... Rh8 $5 42. Nxg5 f5 $15) 42. Nxg5 f6 (42... f5 $15 {keeps the upper hand.} 43. Rd1 Nf4) 43. Nf7 $1 $16 Nf8 44. Nxf6 (44. Nd6 $142 $1 Rc1+ 45. Rxc1 Nxc1 46. Nxf6) 44... Rc7 (44... Rc2 $16 45. Kg1 b6) 45. Ng5 (45. h7 $2 Nxh7 46. Nxh7 Rxf7 $19) (45. Nd6 $1 $18) 45... Rc2 46. Ng4 {[%emt 0:00:42][%mdl 1024] White has strong compensation.} (46. Nxd5 $2 Rxf2+ 47. Kg1 Rf5 $19) 46... Rc4 {[%emt 0:00:52] [#]} 47. f3 Rc3 48. Rd1 (48. h7 $6 Nxh7 49. Nxh7 Rxa3 $11) 48... Kc8 49. Nf6 ({But not} 49. h7 $6 Nxh7 50. Nxh7 Rxa3 $14) 49... Rxa3 50. Nxd5 Ne5 $2 {[%emt 0:01:05][%mdl 8192] [#]} (50... b5 $16 {is a better chance.} 51. Ke2 (51. h7 Nxh7 52. Nxh7 Nf4 $16) 51... Ne5) 51. Re1 $1 $18 Nxf3 52. Re8+ Kd7 53. Nf6+ Kc6 54. Ne6 ({Not} 54. h7 Nxh7 55. Ngxh7 a5 $11) 54... Nxe6 $2 (54... Nh7) 55. Rxe6+ Kb5 56. h7 {Quite a comeback for White.  Weighted Error Value: White=0.22 (precise) /Black=0.45} 1-0

[Event "13th Chennai Open 2022"]
[Site "Chennai"]
[Date "2022.06.22"]
[Round "6.3"]
[White "Tran, Tuan Minh"]
[Black "Fedorov, Alexei"]
[Result "1/2-1/2"]
[ECO "E73"]
[WhiteElo "2533"]
[BlackElo "2529"]
[Annotator "TA"]
[PlyCount "71"]
[EventDate "2022.06.19"]
[EventType "swiss"]
[EventCountry "IND"]
[SourceTitle "playchess.com"]
[Source "ChessBase"]
[SourceQuality "1"]
[TimeControl "5400+30"]

1. d4 Nf6 2. c4 g6 3. Nc3 Bg7 4. e4 d6 5. Be2 O-O 6. Be3 c5 7. dxc5 {[%emt 0:01:55] E73: King's Indian: Averbakh Variation without 6...c5.} Qa5 {[%emt 0:00:06][%csl LRc5,LRe4] [#] White must now prevent ...Nxe4.} 8. Kf1 ({Reject} 8. cxd6 Nxe4 9. Bd2 (9. dxe7 Re8 $15) 9... Nxc3 10. bxc3 exd6 $15) 8... dxc5 9. e5 {[%emt 0:00:10] [#] The position is equal.} Rd8 $146 ({Predecessor:} 9... Nfd7 10. f4 Nc6 11. Nf3 a6 12. h4 b5 13. h5 bxc4 14. hxg6 hxg6 15. Bxc4 Nb6 {1-0 (26) Elissalt Cardenas,H (2279)-Schill,W (2147) Chess.com INT 2021}) 10. Bd2 Bh6 (10... Ng4 $5) 11. Nf3 Bxd2 12. Nxd2 Nfd7 13. f4 Nb6 14. Qe1 ({White should try} 14. a3 $11) 14... Nc6 $1 $15 15. Nb3 Qb4 16. Ne4 Na4 17. Nexc5 Nxc5 18. Qxb4 {[%emt 0:00:05][%mdl 64] [#] Remove Defender} Nxb4 19. Nxc5 b6 (19... Rd2 {with more complications.} 20. Rb1 Bf5 21. Nb3 Rdd8) 20. Nb3 a5 $1 {[%emt 0:05:24] Hoping for ...a4.} 21. a3 Nd3 (21... Nc2 $5 22. Rc1 Bf5 $11) 22. Rd1 Bf5 {[%emt 0:00:18][%cal Bc8f5,Bf5d3,Bd3c4,Bc4b3][%mdl 32] And now ...a4 would win.} 23. Bxd3 Bxd3+ 24. Kf2 Bxc4 25. Nd4 Rac8 {[%emt 0:01:12] Inhibits Nc6.} 26. Rd2 f6 27. Rhd1 fxe5 28. fxe5 Rf8+ 29. Nf3 Bb3 30. Re1 Rc7 31. Kg3 h6 32. Nd4 Bd5 33. Ne2 Bb3 34. Nd4 Bd5 35. Nb5 Rc5 36. Nc3 {[%emt 0:08:13] Weighted Error Value: White=0.12 (very precise) /Black=0.08 (flawless)} 1/2-1/2

[Event "13th Chennai Open 2022"]
[Site "Chennai"]
[Date "2022.06.22"]
[Round "6.4"]
[White "Vignesh B"]
[Black "Srijit Paul"]
[Result "1-0"]
[ECO "A80"]
[WhiteElo "2072"]
[BlackElo "2399"]
[Annotator "TA"]
[PlyCount "67"]
[EventDate "2022.06.19"]
[EventType "swiss"]
[EventCountry "IND"]
[SourceTitle "playchess.com"]
[Source "ChessBase"]
[SourceQuality "1"]
[TimeControl "5400+30"]

1. Nf3 f5 2. b3 d6 3. d4 Nf6 4. Bb2 g6 5. e3 Bg7 6. Nbd2 {[%emt 0:01:34] A80: Dutch Defence: Unusual White second moves.} O-O 7. Be2 Nc6 8. O-O {[%emt 0:00:42] The position is equal.} Qe8 {[%emt 0:00:19] [#]} 9. Bb5 $146 ({Predecessor:} 9. c4 e5 10. d5 Nd8 11. e4 fxe4 12. Ng5 Bf5 13. g4 h6 14. gxf5 hxg5 15. fxg6 Qxg6 {0-1 (29) Solovchuk,A (2321)-Nguyen,H (1697) Chess.com INT 2021}) 9... a6 10. Bxc6 Qxc6 11. c4 e6 12. Rc1 b6 {[%emt 0:02:10] Against c5} 13. c5 Bb7 14. Nc4 dxc5 (14... b5 $5 15. Na5 Qe4 $11) 15. Nce5 Qe4 16. dxc5 {[%emt 0:00:48][%cal Bd4c5,Bc5c6][%mdl 32] And now c6 would win.} Rad8 (16... Rfd8 $14) 17. Qe2 $1 $16 Ng4 {[%emt 0:01:11][%cal Rg4e5] [#]} 18. c6 $1 Bxe5 (18... Nxe5 $16 {keeps fighting.} 19. Bxe5 Bxc6 20. Bxg7 Kxg7) 19. Nxe5 $18 Ba8 $2 {[%emt 0:04:19] [#]} (19... Bc8 $16) 20. Rc4 $1 Qd5 21. Nxg4 (21. Rxg4 $142 fxg4 22. Qxg4 (22. Nxg4 h5 $14)) 21... fxg4 22. Qxg4 ({Not} 22. Rxg4 Qd2 23. Qxd2 Rxd2 $14) 22... b5 23. Re4 $40 {[%emt 0:01:47][%mdl 128] White goes for the king.} ({Better is} 23. Rc2 $18) 23... Rde8 (23... Qf5 $16 {was worth a try.}) 24. Rd4 Qxc6 (24... Qf5 $16 25. Qh4 e5) 25. Rc1 Qb7 26. Rd7 Rf7 {[%emt 0:00:05] Against Rg7+} 27. Rxf7 Kxf7 28. Qf4+ Kg8 29. f3 {[%emt 0:00:05] Intending Qe5 and mate.} e5 30. Bxe5 {[%emt 0:01:37] Threatens to win with Qf6.} Rf8 {[%emt 0:00:22] Inhibits Qf6.} 31. Qh6 Rf7 {[%emt 0:00:46] Against Qg7+} 32. Rd1 {[%emt 0:00:05] Prevents Qd5. Rd8+ would kill now.} Qc8 {[%emt 0:00:07] Inhibits Rd8+.} 33. Qg5 {[%emt 0:00:05] White threatens Rd8+ and mate.} Rf8 {[%emt 0:01:12] Prevents Rd8.} (33... Rd7 $18) 34. Qe7 {[%emt 0:00:07] Weighted Error Value: White=0.18 (very precise) /Black=0.79} 1-0

[Event "13th Chennai Open 2022"]
[Site "Chennai"]
[Date "2022.06.22"]
[Round "6.5"]
[White "Abdyjapar, Asyl"]
[Black "Nguyen, Duc Hoa"]
[Result "1/2-1/2"]
[ECO "A13"]
[WhiteElo "2346"]
[BlackElo "2398"]
[Annotator "TA"]
[PlyCount "112"]
[EventDate "2022.06.19"]
[EventType "swiss"]
[EventCountry "IND"]
[SourceTitle "playchess.com"]
[Source "ChessBase"]
[SourceQuality "1"]
[TimeControl "5400+30"]

1. c4 Nf6 2. g3 e6 3. Bg2 d5 4. Nf3 d4 5. O-O c5 6. e3 Nc6 7. exd4 cxd4 8. d3 Bd6 {[%emt 0:01:35] A13: English Opening: 1...e6.} 9. a3 a5 10. Qe2 h6 {[%emt 0:05:08] Black has an edge.} 11. Nbd2 O-O 12. Rb1 {[%emt 0:00:12] [#]} Re8 $146 ({Predecessor:} 12... e5 13. Ne1 Bf5 14. Nc2 a4 15. b4 axb3 16. Rxb3 Qc7 17. Ne4 Nxe4 18. Bxe4 Bxe4 19. Qxe4 {0-1 (38) Kreisl,R (2408)-Volke,K (2459) Rhodes 2013}) 13. Ne1 e5 14. Nc2 Bg4 15. f3 Bh5 16. g4 Bg6 17. Ne4 Be7 18. Bd2 Qd7 19. h3 Nd8 20. Nf2 Nh7 (20... Bd6 $17) 21. Rfe1 $15 (21. Qxe5 $2 Bg5 22. Qxd4 Qxd4 23. Nxd4 Bxd2 $19) 21... Nc6 (21... Ne6 $5 ) 22. b4 $1 axb4 23. axb4 Ra2 24. b5 (24. Qd1 $11 {remains equal.}) 24... Rxc2 $17 25. bxc6 bxc6 {[%emt 0:00:12] [#] And now ...Bg5 would win.} ({Don't do} 25... Qxc6 26. Qd1 Rxd2 27. Qxd2 $16) 26. f4 {[%emt 0:04:34] Against Bg5} exf4 27. Qd1 Ra2 {[%emt 0:01:02] White must now prevent ...Bh4.} 28. Bxf4 Rea8 29. Re2 Bd6 (29... Bh4 $17 {Threatens to win with ...Ng5.} 30. Ne4 Rxe2 31. Qxe2 Qe7) 30. Rxa2 $1 $15 Rxa2 31. Qf3 (31. Bxd6 $1 $15 Qxd6 32. Qb3) 31... Ng5 32. Qg3 Bxf4 33. Qxf4 Ne6 (33... Qe7 $17 {aiming for ...Qe3.} 34. h4 (34. Qb8+ $2 Kh7 $19) 34... Qe3 35. Qxe3 dxe3) 34. Qb8+ $11 Kh7 {[%emt 0:00:37] ...Qe7 is the strong threat.} 35. Rb7 Qd8 36. Qxd8 Nxd8 37. Rd7 Ne6 38. Bxc6 Nf4 39. Bf3 Ra1+ 40. Kh2 Ra3 41. Rxd4 Nxd3 42. Nxd3 Rxd3 43. Rxd3 Bxd3 {[%emt 0:00:05][%mdl 4096] Endgame KB-KB} 44. c5 Ba6 45. Ba8 g6 46. c6 f5 47. gxf5 ({Not} 47. Bb7 Bb5 48. c7 Bd7 $18) 47... gxf5 48. Kg3 Kg6 49. Kf4 {[%emt 0:00:12] Hoping for Ke5.} Kf6 {[%emt 0:00:09] The position is equal.} 50. Bb7 Bb5 51. c7 Bd7 52. h4 Be6 53. h5 Bd7 54. Ba6 Be6 {[%emt 0:00:11] [#]} 55. Bc4 $1 {[%emt 0:00:25] Bxe6 would kill now.} Bc8 56. Bd5 Bd7 {[%emt 0:00:16] Weighted Error Value: White=0.12 (very precise) /Black=0.12 (very precise)} 1/2-1/2